 Dungeon Crawl Stone Soup version 0.31.0-12-g77e489cdc1 (webtiles) character file.

Game seed: 14464565738845705517

4197 Gadfly the Covered (level 10, -1/81 HPs)
             Began as an Armataur Fighter on Feb 29, 2024.
             Was a Follower of the Shining One.
             Slain by a troll (10 damage)
             ... on level 8 of the Dungeon.
             The game lasted 00:11:29 (6134 turns).

Gadfly the Covered (Armataur Fighter)               Turns: 6134, Time: 00:11:29

Health: -1/81      AC: 22    Str: 25    XL:     10   Next: 8%
Magic:  15/15      EV:  5    Int:  8    God:    the Shining One [*.....]
Gold:   385        SH:  5    Dex:  9    Spells: 9/9 levels left

rFire   . . .        a - +0 flail (protect)
rCold   . . .        c - +0 buckler
rNeg    . . .        t - +0 plate armour
rPois   .            m - +1 helmet
rElec   .            (no cloak)
rCorr   .            (no gloves)
SInv    .            (no barding)
Will    +....        s - amulet of the acrobat Stlth
                     (no ring)
HPRegen 0.33/turn    (no ring)
MPRegen 0.14/turn

%: acrobat, roll
@: mighty, under a protective aura, hasted, glowing, very quick
A: large, deformed body, tough skin 3, armoured tail, roll 2, iridescent scales
1, clumsy 1, strong-willed 1
a: Renounce Religion, Divine Shield


You were on level 8 of the Dungeon.
You worshipped the Shining One.
The Shining One was aware of your devotion.
You visited 2 branches of the dungeon, and saw 9 of its levels.

You collected 385 gold pieces.

Inventory:

Hand Weapons
 a - a +0 flail of protection (weapon)
 b - a +1 mace of holy wrath
 p - a +0 morningstar
Armour
 c - a +0 buckler (worn)
 m - a +1 helmet (worn)
 t - a +0 plate armour (worn)
Jewellery
 g - an amulet of guardian spirit
 s - an amulet of the acrobat (around neck)
Wands
 e - a wand of roots (7)
 q - a wand of quicksilver (7) (quivered)
Scrolls
 f - 5 scrolls of teleportation
 h - a scroll of blinking
 k - 2 scrolls of summoning
 l - a scroll of fear
 o - a scroll of fog
 r - 2 scrolls of identify
 u - a scroll of brand weapon
Potions
 i - 2 potions of enlightenment
 j - a potion of attraction


   Skills:
 + Level 5.3 Fighting
 * Level 6.6 Maces & Flails
 + Level 6.8 Armour
 + Level 6.2 Shields
 * Level 6.7 Invocations
 * Level 6.7 Evocations


You had 9 spell levels left.
You didn't know any spells.
Your spell library contained the following spells:

 Spells                   Type           Power      Damage    Failure   Level
 Apportation              Tloc           0%         N/A       100%        1
 Freeze                   Ice            0%         1d3       100%        1
 Necrotise                Necr           0%         1d4       100%        1
 Sting                    Conj/Alch      0%         1d3       100%        1
 Summon Small Mammal      Summ           0%         N/A       100%        1
 Call Canine Familiar     Summ           0%         N/A       100%        3
 Frozen Ramparts          Ice            0%         1d1       100%        3
 Hailstorm                Conj/Ice       0%         3d5       100%        3
 Sigil of Binding         Hex            0%         N/A       100%        3
 Summon Ice Beast         Ice/Summ       0%         N/A       100%        3
 Dimensional Bullseye     Hex/Tloc       0%         N/A       100%        4
 Ignite Poison            Fire/Alch      0%         N/A       100%        4
 Sticky Flame             Fire/Alch      0%         2d4       100%        4
 Summon Mana Viper        Hex/Summ       0%         N/A       100%        5
 Monstrous Menagerie      Summ           0%         N/A       100%        7
 Ignition                 Fire           0%         3d3       100%        8


Dungeon Overview and Level Annotations

Branches:
Dungeon (8/15)             Temple (1/1) D:7
   Lair: D:8-11

Altars:
Ashenzari
Dithmenos
Elyvilon
Fedhas
Gozag
Hepliaklqana
Kikubaaqudgha
Makhleb
Nemelex Xobeh
Okawaru
Qazlal
Sif Muna
Trog
Uskayaw
Vehumet
Wu Jian
Xom
Yredelemnul
Zin
The Shining One

Annotations:
D:8 3 runed translucent doors, GrumpyGrim72's ghost, novice DECj


Innate Abilities, Weirdness & Mutations

Armour fits poorly on your strangely shaped body.
You have extremely tough skin. (AC +3)
You have a long armoured tail.
You regenerate magic and health when rolling toward enemies. (Rampage Regen)
You are partially covered in iridescent scales. (AC +2)
You are clumsy. (Dex -2)
You are strong-willed. (Will+)


Message History

The centaur wields a +0 orcbow.
The centaur shoots an arrow.
The arrow hits you!
* * * LOW HITPOINT WARNING * * *
You roll towards the centaur!
You bludgeon the centaur!!
You kill the centaur!
The rakshasa weaves an illusion.
The troll shimmers and seems to become two!
You thump the troll!
You kill the troll!
The troll's corpse shimmers and vanishes!
You block the troll's attack. The troll claws you but does no damage.
You block the troll's attack. The troll bites you but does no damage.
The troll claws you.
* * * LOW HITPOINT WARNING * * *
The troll claws you but does no damage.
You thump the troll!
The troll is heavily wounded.
The rakshasa hits you from afar with a +0 trident.
* * * LOW HITPOINT WARNING * * *
You block the troll's attack.
The troll claws you but does no damage. x2
You bludgeon the troll!!
The troll is almost dead.
The rakshasa weaves an illusion.
The troll shimmers and seems to become two!
You sock the troll!
You kill the troll!
The troll's corpse shimmers and vanishes!
The rakshasa gestures at you. The lance of force hits you.
* * * LOW HITPOINT WARNING * * *
You are knocked back by the lance of force.
You slam into the rock wall!
It was a potion of haste.
You feel yourself speed up. The troll misses you.
The troll completely misses you. The troll misses you.
The rakshasa hits you from afar with a +0 trident.
* * * LOW HITPOINT WARNING * * *
You hit the troll.
The troll is almost dead.
The troll bites you!
You die...

.. #... #.#. #.#. #.#.
################.#.
##...##.............
#..[..#.########..#.
#.....#.# #......
#..@..#.## #.#..#.
##.T)##..#####......
###R###......#.#..##
#.........##.#.#..#
#............#.#..#
...'..8....[...<#.#..#
....#.......###..#.#..##
#...##.......###..#.#..##
#### ###'###.............


You could see a rakshasa and a troll.

Vanquished Creatures
  A two-headed ogre (D:8)
  Jeremiah (D:7)
  Sigmund (D:3)
  A wraith (D:7)
  3 steam dragons (D:8)
  A water moccasin (D:7)
  An orc warrior (D:8)
  2 sky beasts
  A black bear (D:7)
  2 ice beasts
  2 ogres
  3 centaurs
  A phantom (D:6)
  A kobold brigand (D:4)
  A scorpion (D:5)
  5 wights (D:7)
  3 killer bees (D:8)
  A howler monkey (D:4)
  4 hounds
  5 orc priests
  2 jellies
  Ijyb (D:3)
  A gnoll bouda (D:5)
  4 iguanas
  2 sleepcaps (D:5)
  7 orc wizards
  8 gnolls
  4 adders
  2 shadow imps
  A white imp (D:6)
  A dart slug (D:1)
  A ribbon worm (D:4)
  21 orcs
  5 ball pythons
  4 bats
  9 endoplasms
  2 giant cockroaches
  7 goblins
  4 hobgoblins
  7 jackals (D:4)
  A quokka (D:4)
  8 kobolds
  8 rats
150 creatures vanquished.

Vanquished Creatures (others)
  An orc wizard (D:6)
1 creature vanquished.

Grand Total: 151 creatures vanquished

Notes
Turn   | Place    | Note
-------+----------+-------------------------------------------
     0 | D:1      | Gadfly the Armataur Fighter began the quest for the Orb.
     0 | D:1      | Reached XP level 1. HP: 18/18 MP: 1/1
    96 | D:1      | Found a faded altar of an unknown god.
   131 | D:1      | Reached XP level 2. HP: 25/25 MP: 2/2
   465 | D:2      | Found a blossoming altar of Fedhas.
   526 | D:2      | Reached skill level 1 in Invocations
   526 | D:2      | Reached skill level 1 in Evocations
   526 | D:2      | Reached XP level 3. HP: 23/30 MP: 3/3
   693 | D:2      | Reached XP level 4. HP: 38/38 MP: 3/5
  1259 | D:3      | Noticed Ijyb
  1270 | D:3      | Gained mutation: You are partially covered in iridescent
                  | scales. (AC +2) [potion of mutation]
  1270 | D:3      | Gained mutation: You are strong-willed. (Will+) [potion of
                  | mutation]
  1270 | D:3      | Gained mutation: You are clumsy. (Dex -2) [potion of
                  | mutation]
  1277 | D:3      | Killed Ijyb
  1689 | D:3      | Reached XP level 5. HP: 37/45 MP: 6/6
  1825 | D:3      | Noticed Sigmund
  1839 | D:3      | Killed Sigmund
  1840 | D:3      | Reached XP level 6. HP: 51/51 MP: 7/7
  2590 | D:5      | Entered Level 5 of the Dungeon
  2633 | D:4      | Gained mutation: You regenerate magic and health when
                  | rolling toward enemies. (Rampage Regen) [Armataur growth]
  2633 | D:4      | Reached XP level 7. HP: 45/57 MP: 9/9
  3167 | D:5      | Found a stormy altar of Qazlal.
  3180 | D:5      | Reached skill level 5 in Armour
  3336 | D:5      | Reached XP level 8. HP: 46/66 MP: 9/11
  3404 | D:5      | Found a radiant altar of Vehumet.
  4146 | D:6      | Reached skill level 5 in Shields
  4243 | D:6      | Reached skill level 5 in Maces & Flails
  4425 | D:7      | Identified the +0 chain mail of Imaetoq {Dex+5 Stlth+}
  4444 | D:7      | Reached skill level 5 in Invocations
  4460 | D:7      | Reached skill level 5 in Evocations
  4510 | D:7      | Found a staircase to the Ecumenical Temple.
  4526 | Temple   | Entered the Ecumenical Temple
  4535 | Temple   | Became a worshipper of the Shining One
  4553 | D:7      | Noticed Jeremiah
  4616 | D:7      | Killed Jeremiah
  4617 | D:7      | Reached XP level 9. HP: 59/71 MP: 11/13
  5117 | D:8      | Reached skill level 5 in Fighting
  5256 | D:8      | Found a runed translucent gate.
  5256 | D:8      | Found a runed translucent gate.
  5256 | D:8      | Found a runed translucent gate.
  5256 | D:8      | Noticed GrumpyGrim72's ghost (novice DECj)
  5437 | D:8      | Noticed a two-headed ogre
  5452 | D:8      | Killed a two-headed ogre
  5625 | D:8      | Identified the +2 leather armour of Qat Ish {+Inv rElec}
  5726 | D:8      | Reached * piety under the Shining One
  5738 | D:8      | Reached XP level 10. HP: 81/81 MP: 14/14
  6099 | D:8      | Noticed a rakshasa
  6134 | D:8      | Slain by a troll

Illustrated notes

Levels and vault maps discovered:
D:1:      sevenhm_arrival_forest_fort_small_4, layout_rooms,
          shapermc_ecumenical_altar_acropolis, kennysheep_pointless_box,
          minmay_tiny_reverse_x
D:2:      layout_basic, basic_altar, corexii_leaking_fountain
D:3:      layout_basic, serial_bayou_lake_a, uniq_sigmund, uniq_ijyb
D:4:      layout_rooms, minmay_vboxes
D:5:      layout_rooms, vehumet_crystals, kennysheep_mini_moat
D:6:      layout_basic
D:7:      layout_rooms, minmay_temple_entry_glass, uniq_jeremiah
D:8:      layout_basic, gammafunk_ghost_split, minmay_three_doors
Temple:   compressed_dpeg_circular_temple

Skill      XL: |  1  2  3  4  5  6  7  8  9 |
---------------+----------------------------+-----
Maces & Flails | 2 3 4 5 6 |  6.6
Invocations    | 1 2 3 4 5 6 |  6.7
Evocations     | 1 2 3 4 5 6 |  6.7
Fighting       | 3 4 5 |  5.3
Armour         | 4 5 6 |  6.8
Shields        | 4 5 6 |  6.2

Action                     |  1- 3 |  4- 6 |  7- 9 | 10-12 || total
---------------------------+-------+-------+-------+-------++-------
  Melee: Flail             |    61 |   173 |   390 |    40 ||   664
         Tailslap          |     3 |    18 |    77 |     6 ||   104
  Evoke: Wand              |       |       |     1 |     4 ||     5
    Use: Scroll            |     2 |     4 |     6 |       ||    12
         Potion            |       |     3 |     1 |     3 ||     7
   Stab: Sleeping          |       |     1 |       |       ||     1
 Armour: Scale mail        |    40 |    36 |       |       ||    76
         Leather armour    |       |    72 |       |       ||    72
         Chain mail        |       |    32 |   345 |       ||   377
         Plate armour      |       |       |    41 |    55 ||    96
  Dodge: Dodged            |    16 |    69 |   127 |    17 ||   229
  Block: Buckler           |    13 |    30 |    81 |    11 ||   135
